 Dungeon Crawl Stone Soup version 0.13-a0-1660-ga2b9f94 (webtiles) character file.

1597 Kae the Basher (level 8, -8/69 HPs)
             Began as a Minotaur Berserker on June 18, 2013.
             Was an Elder of Trog.
             Mangled by an orc warrior
             ... wielding a +0,+1 orcish scimitar
              (14 damage)
             ... on Level 6 of the Dungeon.
             The game lasted 00:06:49 (4771 turns).

Kae the Basher (Minotaur Berserker)                 Turns: 4771, Time: 00:06:49

HP  -8/69        AC  5     Str 22      XL: 8   Next: 28%
MP   2/2         EV 14     Int  4      God: Trog [****..]
Gold 326         SH  0     Dex 12      Spells:  0 memorised,  7 levels left

Res.Fire  : + . .   See Invis. : .   a - +0 mace
Res.Cold  : . . .   Warding    : .   b - +0 animal skin
Life Prot.: . . .   Conserve   : .   (no shield)
Res.Poison: .       Res.Corr.  : .   (helmet restricted)
Res.Elec. : .       Clarity    : .   r - +0 cloak
Sust.Abil.: . .     Spirit.Shd : .   (no gloves)
Res.Mut.  : .       Stasis     : .   t - +0 pair of boots
Res.Rott. : .       Flight     : .   v - amulet of faith
Saprovore : . . .                    (no ring)
                                     s - ring of protection from fire {unknown}

@: regenerating, very resistant to hostile enchantments, unstealthy
A: retaliatory headbutt, horns 2
a: Burn Spellbooks, Berserk, Trog's Hand, Brothers in Arms, Renounce Religion


You were on level 6 of the Dungeon.
You worshipped Trog.
Trog was extremely pleased with you.
You were starving.

You visited 1 branch of the dungeon, and saw 7 of its levels.

You collected 306 gold pieces.

Inventory:

Hand weapons
 a - a +0,+0 mace (weapon)
Armour
 b - a +0 animal skin (worn)
 r - a +0 cloak (worn)
 t - a +0 pair of boots (worn)
Magical devices
 n - a wand of confusion (17)
 p - a wand of magic darts (4) {unknown}
 A - a wand of draining (7) {unknown}
Comestibles
 c - 2 bread rations
 f - 4 chokos
 i - 2 meat rations
 q - 2 pears
Scrolls
 d - 3 scrolls of fear
 j - 2 scrolls of identify
 u - a scroll of random uselessness {unknown}
 w - a scroll of enchant weapon I {unknown}
 y - 2 scrolls of magic mapping
 B - a scroll of enchant weapon III {unknown}
 C - a scroll of amnesia {unknown}
 D - a scroll of blinking {unknown}
 E - a scroll of teleportation {unknown}
 F - a scroll of remove curse
Jewellery
 m - an uncursed amulet of rage
 s - a ring of protection from fire (left hand) {unknown}
 v - an amulet of faith (around neck)
 x - an uncursed ring of invisibility {unknown}
Potions
 e - a potion of speed {unknown}
 g - a potion of brilliance {unknown}
 h - a potion of slowing {unknown}
 k - a potion of heal wounds {unknown}
 l - 2 potions of cure mutation {unknown}
 o - 4 potions of curing
 z - a potion of invisibility {unknown}


   Skills:
 + Level 6.1 Fighting
 * Level 8.5 Maces & Flails
 + Level 5.9 Armour
 + Level 5.2 Dodging


You had 7 spell levels left.
You didn't know any spells.

Dungeon Overview and Level Annotations

Branches:
Dungeon (7/27)             Temple (0/1) D:6
    Orc: D:6-11

Altars:
Ashenzari
Kikubaaqudgha
Makhleb
Trog


Innate Abilities, Weirdness & Mutations

You reflexively headbutt those who attack you in melee.
You have a pair of horns on your head.


Message History

The orc warrior closely misses you. You furiously retaliate!
You headbutt the orc warrior, but do no damage.
You hit the orc warrior but do no damage.
The orc warrior is almost dead.
You are starving!
The orc warrior closely misses you. You furiously retaliate!
You headbutt the orc warrior, but do no damage.
You hit the orc warrior but do no damage.
You headbutt the orc warrior, but do no damage.
The orc warrior is almost dead.
You hit the orc warrior but do no damage.
You headbutt the orc warrior, but do no damage.
The orc warrior is almost dead.
The orc warrior hits you with an orcish scimitar!
* * * LOW HITPOINT WARNING * * *
You hit the orc warrior but do no damage.
You headbutt the orc warrior, but do no damage.
The orc warrior is almost dead.
The orc warrior hits you with an orcish scimitar!
You die...

....# # ....# # ....# # ....# #
....# #
....#############################
............[....................
.................o.>.............
.........<......@................
.................................
.................................
..............######.............
..###########.#≈≈≈≈#.############
..# #.#≈>.≈#.# # ..# #.#≈_.≈#.# #
#.# #.#≈≈≈≈#.# # ..# #.#'####.# #


You could see an orc warrior.

Vanquished Creatures
  Edmund (D:5)
  2 sky beasts (D:6)
  An orc warrior (D:6)
  An ogre (D:5)
  A big kobold (D:7)
  2 giant frogs
  3 crimson imps
  A hound (D:5)
  An ogre skeleton (D:4)
  Crazy Yiuf (D:3)
  An orc wizard (D:5)
  3 iguanas
  4 worker ants
  4 scorpions
  Jessica (D:2)
  4 gnolls (D:3)
  4 adders
  A scorpion zombie (D:5)
  A giant mite (D:1)
  An inept feature mimic (D:5)
  A worm (D:3)
  A bat skeleton (D:6)
  A giant gecko (D:5)
  An ooze (D:1)
  10 orcs
  3 giant cockroaches
  11 goblins
  10 hobgoblins
  6 jackals
  3 quokkas
  10 bats
  A giant gecko zombie (D:5)
  8 giant newts
  A hobgoblin skeleton (D:5)
  20 kobolds
  A kobold zombie (D:6)
  An orc skeleton (D:4)
  10 rats
137 creatures vanquished.

Vanquished Creatures (others)
  A giant newt (D:3)
  A jackal (D:4)
2 creatures vanquished.

Grand Total: 139 creatures vanquished

Notes
Turn   | Place    | Note
--------------------------------------------------------------
     0 | D:1      | Kae, the Minotaur Berserker, began the quest for the Orb.
     0 | D:1      | Reached XP level 1. HP: 19/19 MP: 0/0
   124 | D:1      | Reached XP level 2. HP: 20/26 MP: 0/0
   261 | D:1      | Reached skill level 4 in Maces & Flails
   575 | D:2      | Reached XP level 3. HP: 27/33 MP: 1/1
   576 | D:2      | Acquired Trog's second power
   595 | D:2      | Noticed Jessica
   608 | D:2      | Killed Jessica
   999 | D:2      | Reached XP level 4. HP: 26/39 MP: 1/1
  1114 | D:2      | Reached skill level 5 in Maces & Flails
  1673 | D:3      | Reached XP level 5. HP: 21/46 MP: 1/1
  2144 | D:3      | Noticed Crazy Yiuf
  2154 | D:3      | Killed Crazy Yiuf
  2354 | D:4      | Found an ancient bone altar of Kikubaaqudgha.
  2718 | D:4      | Acquired Trog's third power
  2757 | D:4      | Reached skill level 6 in Maces & Flails
  2757 | D:4      | Reached XP level 6. HP: 29/53 MP: 2/2
  2861 | D:4      | HP: 2/53 [poisoned by a scorpion]
  3253 | D:5      | Entered Level 5 of the Dungeon
  3396 | D:5      | Reached skill level 5 in Fighting
  3418 | D:5      | Noticed Edmund
  3433 | D:5      | Killed Edmund
  3585 | D:5      | Reached skill level 7 in Maces & Flails
  3641 | D:5      | Reached XP level 7. HP: 44/60 MP: 2/2
  3769 | D:6      | Reached skill level 5 in Armour
  4004 | D:6      | Found a shattered altar of Ashenzari.
  4236 | D:6      | Found a burning altar of Makhleb.
  4256 | D:6      | Found a staircase to the Ecumenical Temple.
  4424 | D:6      | Reached skill level 8 in Maces & Flails
  4436 | D:6      | Found a bloodstained altar of Trog.
  4521 | D:6      | Reached skill level 5 in Dodging
  4521 | D:6      | Reached XP level 8. HP: 62/69 MP: 2/2
  4771 | D:6      | Mangled by an orc warrior

Action                   |  1- 3 |  4- 6 |  7- 9 || total
-------------------------+-------+-------+-------++-------
Melee: Mace              |    74 |   177 |   136 ||   387
Invok: Trog's Hand       |       |     3 |     4 ||     7
       Berserk           |       |     2 |     1 ||     3
  Use: Scroll            |       |     6 |       ||     6
       Potion            |       |     1 |       ||     1
